Map: Torres crepusculares

Players

DARKING - Winner!

  • Race: Terran Terran
  • League: Platinum

Amfi

  • Race: Zerg Zerg

Event: Gauntlet LotV Series 1 Qualifier 1

VOD

Have the link to the VOD?

Description

Time

  • Played on: Nov. 22, 2015, 3:44 p.m.
  • Length: 10:16

All games in this series

Show
View Real Time Build Order
Export as new Build Order

DARKING Terran - Winner!

Build Orders: Mech 

Get SALT Encoding   

  12  0:02  SCV  
  13  0:14  SCV  
  13  0:19  Supply Depot  
  14  0:27  SCV  
  15  0:41  SCV  
  16  0:43  Barracks  
  16  0:48  Refinery  
  16  0:53  SCV  
  17  1:05  SCV  
  18  1:17  SCV  
  19  1:31  Orbital Command  
  20  1:32  Reaper  
  20  1:48  Command Center  
  20  1:58  SCV  
  21  2:02  Supply Depot  
  21  2:04  Reaper  
  22  2:10  SCV  
  23  2:23  SCV  
  23  2:27  Factory  
  25  2:44  SCV  
  25  2:50  Barracks Reactor  
  25  2:57  SCV  
  26  3:00  Refinery  
  26  3:01  Command Center  
  26  3:02  Orbital Command  
  26  3:12  SCV  
  27  3:24  SCV  
  27  3:33  Bunker  
  27  3:36  Marine  
  27  3:38  SCV x2, Hellion x2  
  34  3:43  Starport  
  34  3:53  SCV x2  
  34  3:54  Marine  
  37  3:59  Hellion x2  
  41  4:05  Armory  
  41  4:10  SCV x2  
  41  4:12  Liberator  
  41  4:15  Marine  
  44  4:26  SCV x2  
  44  4:27  Orbital Command  
  49  4:33  Refinery x2, Marine  
  50  4:38  SCV  
  50  4:39  SCV, Hellion x2  
  56  4:53  Marine  
  56  4:56  SCV x2  
  60  5:04  Hellion  
  60  5:07  Supply Depot  
  60  5:08  Supply Depot, Orbital Command  
  60  5:11  Liberator, Terran Vehicle Weapons Level 1, Marine  
  61  5:29  Hellion, Marine  
  67  5:38  Supply Depot  
  67  5:40  SCV x3, Supply Depot  
  70  5:47  Marine  
  67  5:53  Hellion x2  
  67  6:07  Factory  
  67  6:08  Factory  
  61  6:12  Marine  
  61  6:13  Starport Tech Lab  
  61  6:14  Hellion x2  
  66  6:19  SCV x3  
  69  6:30  Marine  
  70  6:39  Banshee, Hellion x2  
  77  6:50  Cloaking Field  
  74  6:55  SCV x3, Factory Tech Lab x2  
  74  7:00  Hellion x2  
  81  7:02  Supply Depot  
  81  7:04  Supply Depot x2  
  81  7:07  SCV  
  82  7:14  Siege Tank  
  82  7:15  Siege Tank  
  88  7:19  Marine  
  89  7:25  Banshee  
  89  7:37  Marine  
  89  7:38  Hellion x2  
  89  7:41  Supply Depot  
  94  7:50  Siege Tank  
  94  7:51  Siege Tank  
  97  8:04  Orbital Command  
  97  8:05  Liberator  
  83  8:14  Hellbat x2  
  83  8:23  Siege Tank  
  89  8:27  SCV x2  
  89  8:28  Siege Tank  
  94  8:35  Factory  
  94  8:43  Hellbat x2  
  94  8:46  Refinery  
  98  8:49  Refinery  
  98  8:51  Liberator  
  98  8:57  SCV x3  
  98  9:00  Factory, Siege Tank  
  104  9:03  Barracks Reactor  
  104  9:06  Hellbat x2  
  104  9:09  SCV  
  112  9:10  SCV x2  
  114  9:20  Hellbat  
  116  9:29  Hellbat x2  
  120  9:31  Supply Depot  
  120  9:32  Supply Depot  
  120  9:34  Supply Depot, Siege Tank  
  123  9:44  Factory Reactor  
  123  9:47  Factory Tech Lab  
  123  9:51  Supply Depot  
Show
View Real Time Build Order
Export as new Build Order

Amfi Zerg 

Build Orders: Hatch First 

Get SALT Encoding   

  12  0:01  Drone  
  13  0:08  Drone  
  14  0:17  Overlord  
  14  0:25  Overlord  
  14  0:37  Drone x2  
  16  0:44  Drone  
  17  1:04  Hatchery  
  16  1:16  Spawning Pool  
  15  1:19  Drone, Extractor  
  15  1:23  Drone  
  16  1:27  Drone  
  16  1:30  Drone  
  18  1:41  Drone  
  19  1:56  Drone  
  20  2:02  Drone, Queen  
  20  2:08  Roach Warren  
  22  2:13  Drone  
  23  2:16  Drone  
  24  2:23  Queen  
  26  2:34  Drone x3  
  29  2:44  Zergling x2  
  30  2:53  Lair, Extractor  
  30  2:54  Zergling x2  
  30  2:55  Zergling x2  
  30  2:56  Zergling x2  
  32  3:01  Roach  
  32  3:21  Spine Crawler  
  32  3:26  Roach x2  
  35  3:29  Overlord  
  35  3:30  Overlord x2  
  35  3:42  Metabolic Boost  
  35  3:44  Overlord  
  35  3:45  Overlord  
  35  3:53  Glial Reconstitution  
  35  3:58  Zergling x6  
  38  4:09  Roach x2  
  42  4:11  Drone  
  43  4:29  Roach x2  
  43  4:30  Roach x2  
  51  4:36  Drone x2  
  53  4:48  Drone x4  
  54  5:06  Roach x4  
  62  5:11  Drone x2  
  62  5:12  Drone  
  65  5:25  Spore Crawler  
  64  5:33  Drone x3  
  64  5:34  Drone  
  68  5:35  Hydralisk Den  
  67  5:45  Drone  
  67  5:46  Overlord x3, Spore Crawler  
  65  6:10  Queen  
  65  6:14  Queen  
  65  6:16  Hydralisk x3  
  65  6:17  Hydralisk x2  
  74  6:55  Ravager x5  
  74  6:59  Zergling x14  
  74  7:00  Zergling x4  
  88  7:19  Hatchery  
  87  7:29  Hydralisk x2  
  87  7:59  Hydralisk x2  
  87  8:02  Overlord x4  
  87  8:03  Overlord x2  
  57  8:21  Roach x6  
  57  8:24  Drone  
  70  8:31  Drone  
  70  8:32  Drone  
  70  8:33  Extractor  
  71  8:41  Overseer  
  71  8:45  Drone x2  
  71  8:46  Drone x4  
  77  9:02  Extractor  
  77  9:03  Hydralisk  
  77  9:04  Hydralisk x2  
  77  9:06  Queen  
  77  9:08  Overlord x2  
  77  9:09  Zergling x6  
  87  9:20  Evolution Chamber, Drone x3  
  89  9:30  Drone x4  
  89  9:31  Drone x2  
  95  9:38  Evolution Chamber  
  94  9:41  Zergling x10  
Tags
 
Add a new tag
Caveats
  • Supply blocks, unpowered buildings, or Contaminate may cause inaccurate times.
  • Supply counts are checked every 10 seconds.